 Dungeon Crawl Stone Soup version 0.25.1-2-g60ff931df9 (webtiles) character file.

Game seed: 5149374291477714257

7593 Peloso the Carver (level 10, -6/90 HPs)
             Began as a Minotaur Fighter on Aug 12, 2020.
             Was a Believer of Okawaru.
             Mangled by a spatial maelstrom (16 damage)
             ... on level 2 of the Abyss.
             The game lasted 00:13:48 (9081 turns).

Peloso the Carver (Minotaur Fighter)                Turns: 9081, Time: 00:13:48

Health: -6/90      AC: 14    Str: 22    XL:     10   Next: 97%
Magic:  9/9        EV:  9    Int:  5    God:    Okawaru [**....]
Gold:   473        SH: 13    Dex: 18    Spells: 9/9 levels left

rFire    . . .     SeeInvis +   a - +4 scimitar (flame)
rCold    . . .     Gourm    .   c - +0 kite shield
rNeg     . . .     Faith    .   D - +0 plate armour
rPois    .         Spirit   .   K - +0 hat {SInv}
rElec    .         Reflect  .   (no cloak)
rCorr    .         Harm     .   (no gloves)
MR       .....                  (no boots)
Stlth    ..........             J - amulet of magic regeneration
HPRegen  0.25/turn              e - +6 ring of dexterity
MPRegen  0.36/turn              C - +4 ring of slaying

@: no status effects
A: retaliatory headbutt, horns 2
a: Heroism, Renounce Religion


You were on level 2 of the Abyss.
You worshipped Okawaru.
Okawaru was pleased with you.
You were hungry.

You visited 2 branches of the dungeon, and saw 10 of its levels.
You visited the Abyss 1 time.

You collected 473 gold pieces.

Inventory:

Hand Weapons
 a - a +4 scimitar of flaming (weapon)
 b - the +11 hand axe "Minotaur's Death" {freeze, Int+2}
   (You found it on level 8 of the Dungeon)

   It has been specially enchanted to freeze those struck by it, causing extra
   injury to most foes and up to half again as much damage against particularly
   susceptible opponents.
   It can also slow down cold-blooded creatures.
   It affects your intelligence (+2).
Armour
 c - a +0 kite shield (worn)
 r - a +0 chain mail
 u - a +3 ring mail of magic resistance
 v - +0 swamp dragon scales
 D - a +0 plate armour (worn)
 K - a +0 hat of see invisible (worn)
Jewellery
 d - an uncursed ring of magical power
 e - a +6 ring of dexterity (left hand)
 y - an uncursed ring of wizardry
 A - an uncursed ring of fire
 C - a +4 ring of slaying (right hand)
 J - an amulet of magic regeneration (around neck)
Wands
 t - a wand of random effects (20)
 H - a wand of iceblast (10)
Scrolls
 h - 2 scrolls of identify
 i - 4 scrolls of magic mapping {unknown}
 j - a scroll of blinking {unknown}
 m - 2 scrolls of random uselessness {unknown}
 n - a scroll of noise {unknown}
 o - 2 scrolls of amnesia {unknown}
 s - 2 scrolls of fear {unknown}
 w - 3 scrolls of enchant weapon {unknown}
 z - 2 scrolls of acquirement {unknown}
 B - 3 scrolls of remove curse {unknown}
 E - a scroll of enchant armour {unknown}
 G - 7 scrolls of teleportation {unknown}
 I - a scroll of fog
Potions
 g - a potion of heal wounds
 k - a potion of haste {unknown}
 l - 5 potions of brilliance
 p - 5 potions of curing
 q - a potion of invisibility
 x - 2 potions of berserk rage {unknown}
 F - a potion of mutation
Comestibles
 f - 17 rations


   Skills:
 + Level 8.4 Fighting
 + Level 11.9 Long Blades
 + Level 9.5 Armour
 + Level 5.0 Dodging
 + Level 2.2 Stealth
 + Level 10.2 Shields


You had 9 spell levels left.
You didn't know any spells.
Your spell library contained the following spells:

 Spells                   Type           Power        Failure   Level  Hunger
 Beastly Appendage        Tmut           #.....       100%        1    ##.....
 Passwall                 Tmut/Erth      #.......     100%        2    ###....
 Ignite Poison            Fire/Tmut/Pois #.......     100%        3    ####...
 Summon Guardian Golem    Hex/Summ       #.......     100%        3    ####...
 Summon Demon             Summ           #.........   100%        5    ######.
 Summon Forest            Summ/Tloc      #.........   100%        5    ######.
 Chain Lightning          Conj/Air       #.........   100%        8    #######
 Lehudib's Crystal Spear  Conj/Erth      #.........   100%        8    #######
 Absolute Zero            Ice            #.........   100%        9    #######
 Fire Storm               Conj/Fire      #.........   100%        9    #######


Dungeon Overview and Level Annotations

Branches:
Dungeon (9/15)             Temple (1/1) D:6             Orc (0/2) D:9
   Lair: D:8-11

Altars:
Ashenzari
Cheibriados
Dithmenos
Fedhas
Gozag
Hepliaklqana
Kikubaaqudgha
Makhleb
Nemelex Xobeh
Okawaru
Qazlal
Ru
Sif Muna
Trog
Uskayaw
Vehumet
Wu Jian
Xom
Yredelemnul
Zin

Shops:
D:6 (

Annotations:
D:9 Erolcha


Innate Abilities, Weirdness & Mutations

You reflexively headbutt those who attack you in melee.
You have a pair of horns on your head.


Message History

Unknown command.
You barely miss the spatial maelstrom. You headbutt the spatial maelstrom!
The spatial maelstrom is moderately damaged.
The spatial maelstrom hits you!
* * * LOW HITPOINT WARNING * * *
Space bends around you.
* * * LOW HITPOINT WARNING * * *
You block the spatial maelstrom's attack.
You slash the spatial maelstrom!
The spatial maelstrom is moderately damaged.
The spatial maelstrom completely misses you.
You riposte.
You slash the spatial maelstrom!
The spatial maelstrom is heavily damaged.
The spatial maelstrom hits you but does no damage.
Unknown command.
You block the spatial maelstrom's attack. x2
The spatial maelstrom hits you.
* * * LOW HITPOINT WARNING * * *
Space warps horribly around you!
You die...

.. ยง### ##... ..
.# .... ##.# # .#.
..## ... #. #.##..
.. ..# #....## .#
... #v@.##.#.....
#.##........#..
#.............#
........#.##......
.........#.# ....#
.#......#.#.. #..#
...#.............#
...#..... ........
......... ........


You could see a spatial maelstrom.

Vanquished Creatures
  Gastronok (D:9)
  Erica (D:8)
  Pikel (D:6)
  Psyche (D:9)
  Joseph (D:7)
  Maggie (D:7)
  A hornet (D:6)
  Prince Ribbit (D:5)
  2 hippogriffs
  Sigmund (D:5)
  A human (D:8)
  Menkaure (D:5)
  Duvessa (D:4)
  2 sky beasts (D:7)
  An orc warrior (D:7)
  A phantom (D:5)
  A big kobold (D:6)
  Blork the orc (D:4)
  3 bullfrogs
  A gnoll sergeant (D:7)
  A water moccasin skeleton (D:5)
  Dowan (D:4)
  3 scorpions
  14 killer bees
  2 crimson imps
  2 bullfrog zombies
  2 bullfrog skeletons (D:5)
  7 hounds
  An orc priest (D:6)
  5 orc wizards
  5 worker ants
  Ijyb (D:3)
  An iguana (D:5)
  A hound zombie (D:9)
  3 worker ant zombies
  10 gnolls
  6 adders
  3 shadow imps
  An ooze (D:1)
  2 worms
  2 dart slugs
  5 leopard geckos
  24 orcs
  A ball python (D:2)
  4 giant cockroaches
  7 goblins
  11 hobgoblins
  10 jackals
  5 kobolds
  6 quokkas
  5 bats
  6 frilled lizards
  A jackal skeleton (D:4)
  A leopard gecko skeleton (D:4)
  5 rats
  A lurking horror (Abyss:2)
189 creatures vanquished.

Vanquished Creatures (others)
  A necrophage (D:6)
  An adder skeleton (D:6)
  2 orcs (D:6)
  A quokka (D:6)
5 creatures vanquished.

Grand Total: 194 creatures vanquished

Notes
Turn   | Place    | Note
-------+----------+-------------------------------------------
     0 | D:1      | Peloso the Minotaur Fighter began the quest for the Orb.
     0 | D:1      | Reached XP level 1. HP: 19/19 MP: 0/0
   118 | D:1      | Reached XP level 2. HP: 27/27 MP: 1/1
   588 | D:1      | Reached XP level 3. HP: 32/33 MP: 2/2
   912 | D:2      | Reached skill level 3 in Long Blades
  1173 | D:2      | Found a faded altar of an unknown god.
  1194 | D:2      | Reached XP level 4. HP: 34/40 MP: 3/3
  2138 | D:3      | Noticed Ijyb
  2145 | D:3      | Killed Ijyb
  2223 | D:3      | Reached XP level 5. HP: 47/47 MP: 4/4
  2386 | D:3      | Reached skill level 4 in Long Blades
  2672 | D:4      | Noticed Duvessa
  2680 | D:4      | Noticed Dowan
  2690 | D:4      | Killed Dowan
  2690 | D:4      | Reached skill level 1 in Dodging
  2690 | D:4      | Reached skill level 5 in Shields
  2696 | D:4      | Killed Duvessa
  2696 | D:4      | Reached skill level 5 in Long Blades
  2696 | D:4      | Reached skill level 5 in Armour
  2696 | D:4      | Reached XP level 6. HP: 11/55 MP: 5/5
  3128 | D:4      | Noticed Blork the orc
  3141 | D:4      | Killed Blork the orc
  3313 | D:4      | You fall into a shaft and drop 3 floors!
  3313 | D:7      | Noticed an orc warrior
  3337 | D:6      | Found a staircase to the Ecumenical Temple.
  3337 | D:6      | Noticed Pikel
  3337 | D:6      | Noticed a slave
  3337 | D:6      | Noticed a slave
  3337 | D:6      | Noticed a slave
  3337 | D:6      | Noticed a slave
  3348 | D:6      | Reached skill level 5 in Fighting
  3362 | D:6      | Reached XP level 7. HP: 23/61 MP: 6/6
  3366 | D:6      | Killed Pikel
  3366 | D:6      | Reached skill level 7 in Long Blades
  3397 | Temple   | Entered the Ecumenical Temple
  3473 | D:6      | Reached XP level 8. HP: 49/69 MP: 7/7
  3475 | D:6      | Found a bloodstained altar of Trog.
  3926 | D:6      | Found Kemel's Weapon Shop.
  4011 | D:6      | Reached skill level 1 in Stealth
  4144 | D:6      | Found a sacrificial altar of Ru.
  4236 | D:6      | Noticed a hornet
  4247 | D:6      | Killed a hornet
  4247 | D:6      | Reached skill level 8 in Long Blades
  4710 | D:5      | Entered Level 5 of the Dungeon
  4916 | D:5      | Found a shimmering blue altar of Sif Muna.
  5036 | D:5      | Found an ornate altar of the Wu Jian Council.
  5036 | D:5      | Found a hazy altar of Hepliaklqana.
  5036 | D:5      | Noticed Prince Ribbit
  5069 | D:5      | Killed Prince Ribbit
  5069 | D:5      | Reached skill level 9 in Long Blades
  5219 | D:5      | Noticed Sigmund
  5230 | D:5      | Killed Sigmund
  5230 | D:5      | Reached XP level 9. HP: 57/75 MP: 8/8
  5509 | D:5      | Noticed Menkaure
  5519 | D:5      | Killed Menkaure
  6536 | D:7      | Reached skill level 10 in Long Blades
  6649 | D:7      | Noticed Joseph
  6659 | D:7      | Killed Joseph
  6739 | D:7      | Noticed Maggie
  6751 | D:7      | Killed Maggie
  7025 | D:7      | Reached XP level 10. HP: 86/86 MP: 9/9
  7058 | D:7      | Found a bloodstained altar of Trog.
  7339 | D:8      | Noticed Erica
  7355 | D:8      | Killed Erica
  7691 | D:8      | Reached skill level 11 in Long Blades
  7922 | D:8      | Identified Azuosar's Compendium of Mutagenic Creation
  8029 | D:8      | Found an iron altar of Okawaru.
  8037 | D:8      | Got a smoking hand axe
  8038 | D:8      | Identified the +11 hand axe "Minotaur's Death" {freeze,
                  | Int+2} (You found it on level 8 of the Dungeon)
  8040 | D:8      | Became a worshipper of Warmaster Okawaru
  8123 | D:9      | Found a staircase to the Orcish Mines.
  8549 | D:9      | Noticed Gastronok
  8578 | D:9      | HP: 3/88 [Gastronok/the air (13)]
  8581 | D:9      | Killed Gastronok
  8581 | D:9      | Reached * piety under Okawaru
  8581 | D:9      | Reached ** piety under Okawaru
  8581 | D:9      | Reached skill level 5 in Dodging
  8581 | D:9      | Reached skill level 10 in Shields
  8983 | D:9      | Noticed Psyche
  8989 | D:9      | Killed Psyche
  8993 | D:9      | Noticed Erolcha
  8995 | D:9      | Cast into level 2 of the Abyss (Erolcha)
  9074 | Abyss:2  | Noticed a spatial maelstrom
  9081 | Abyss:2  | Mangled by a spatial maelstrom

Illustrated notes

Levels and vault maps discovered:
D:1:      dpeg_arrival_rhombus, layout_basic
D:2:      layout_basic, chequers_ecumenical_altar_twisty
D:3:      layout_basic, uniq_ijyb
D:4:      layout_layer_cave, uniq_duvessa, uniq_blork_the_orc
D:5:      layout_rooms, chequers_temple_overflow_statue_of_worship,
          kennysheep_mini, first_ration, uniq_menkaure, uniq_prince_ribbit1,
          uniq_sigmund
D:6:      layout_loops_corners, nicolae_ru_the_path_less_chosen,
          old_standard_altar, minmay_temple_entry_stoned_glass,
          minmay_shop_grid_forest, uniq_pikel
D:7:      layout_cave_pools, trog_three_pillars_becter, uniq_maggie, uniq_joseph
D:8:      layout_basic, okawaru_ov_weapons_minmay, grunt_pizzeria, uniq_erica
D:9:      layout_cave_pools, kennysheep_mini_moat, old_standard_altar,
          orc_0_dummy, serial_park, serial_park_tiny_2, billiards_dpeg,
          uniq_psyche, uniq_erolcha, uniq_gastronok
Temple:   eino_temple_lava
Abyss:2:  base: D:15, serial_sigils_hangedman_snap

Skill      XL: |  1  2  3  4  5  6  7  8  9 10 |
---------------+-------------------------------+-----
Fighting       | 4 5 6 7 8 |  8.4
Shields        | 4 5 6 7 8 10 | 10.2
Long Blades    | 3 5 7 9 10 11 | 11.9
Armour         | 4 5 6 7 9 |  9.5
Dodging        | 1 2 3 4 5 |  5.0
Stealth        | 1 2 |  2.2

Action                   |  1- 3 |  4- 6 |  7- 9 | 10-12 || total
-------------------------+-------+-------+-------+-------++-------
Melee: Long sword        |    78 |   129 |   235 |    19 ||   461
       Headbutt          |    12 |    39 |    70 |    20 ||   141
       Scimitar          |       |       |       |    66 ||    66
  Use: Potion            |     2 |     2 |     2 |     2 ||     8
       Scroll            |       |       |     7 |       ||     7
  Eat: Chunk             |     1 |     7 |    11 |       ||    19
       Ration            |       |       |       |     2 ||     2
Armor: Scale mail        |    30 |    23 |       |       ||    53
       Chain mail        |       |     1 |       |       ||     1
       Ring mail         |       |    23 |    56 |       ||    79
       Plate armour      |       |       |    29 |    49 ||    78
Dodge: Dodged            |    35 |    43 |   108 |    29 ||   215
Block: Kite shield       |    40 |    70 |   152 |    71 ||   333
       Rpst.: Long sword |    11 |    16 |    33 |     1 ||    61
       Scimitar          |       |       |       |     7 ||     7
